 Dungeon Crawl Stone Soup version 0.29.1-2-gbd0b4ee654 (webtiles) character file.

Game seed: 1617130625415052028

24 styxcanada the Sneak (level 2, -1/15 HPs)
             Began as a Spriggan Brigand on Nov 11, 2022.
             Slain by a gnoll
             ... wielding a +0 flail
              (5 damage)
             ... on level 1 of the Dungeon.
             The game lasted 00:02:49 (828 turns).

styxcanada the Sneak (Spriggan Brigand)              Turns: 828, Time: 00:02:50

Health: -1/15      AC:  3    Str:  7    XL:     2   Next: 79%
Magic:  3/3        EV: 16    Int: 12    God:
Gold:   19         SH:  0    Dex: 16    Spells: 0/1 levels left

rFire   . . .      SeeInvis +   k - +1 short sword (holy)
rCold   . . .      Faith    .   (no shield)
rNeg    . . .      Spirit   .   b - +0 robe
rPois   .          Reflect  .   (helmet restricted)
rElec   .          Harm     .   c - +0 cloak
rCorr   .          Rampage  .   (gloves unavailable)
Will    .....                   (boots unavailable)
Stlth   ++++......              (no amulet)
HPRegen 0.05/turn               (no ring)
MPRegen 0.08/turn               (no ring)

@: very quick
A: very small, no large weapons, unfitting armour, see invisible, speed 3
a: no special abilities


You were on level 1 of the Dungeon.
You visited 1 branch of the dungeon, and saw 1 of its levels.

You collected 19 gold pieces.

Inventory:

Hand Weapons
 a - a +2 dagger
 k - a +1 short sword of holy wrath (weapon)
Missiles
 d - a poisoned dart (quivered)
 e - 3 curare-tipped darts
 f - a throwing net
 l - 9 stones
Armour
 b - a +0 robe (worn)
 c - a +0 cloak (worn)
Scrolls
 h - a scroll of teleportation {unknown}
 i - a scroll of noise {unknown}
 j - a scroll of identify {unknown}
 m - a scroll of poison {unknown}
 n - a scroll of magic mapping {unknown}
Potions
 g - a potion of flight {unknown}
 o - a potion of curing {unknown}


   Skills:
 * Level 1.9 Fighting
 + Level 2.2 Short Blades
 + Level 2.0 Throwing
 * Level 1.6 Dodging
 * Level 6.9 Stealth


You couldn't memorise any spells.
You knew the following spells:

 Your Spells              Type           Power      Damage    Failure   Level
a - Magic Dart            Conj           0%         1d3       32%         1

Your spell library contained the following spells:

 Spells                   Type           Power      Damage    Failure   Level
 Call Imp                 Summ           0%         N/A       45%         2
 Mephitic Cloud           Conj/Pois/Air  0%         N/A       69%         3


Dungeon Overview and Level Annotations

Branches:
Dungeon (1/15)

Altars:


Innate Abilities, Weirdness & Mutations

You are very small and have problems with some larger weapons.
You are too small for most types of armour.
You have supernaturally acute eyesight. (SInv)
You cover ground extremely quickly. (Speed+++)


Message History

Aim: a gnoll, wielding a +0 flail (moderately wounded, poisoned, 64% to hit)
You throw a poisoned dart. The poisoned dart hits the gnoll.
The gnoll looks even sicker.
The gnoll is moderately wounded.
Throw: 4 darts (poison)
Press: ? - help, Q - select action, (/) - cycle Shift-Dir - straight line, f - giant cockroach, p - gnoll
Aim: a giant cockroach (60% to hit)
You throw a poisoned dart.
The poisoned dart hits the giant cockroach.
The giant cockroach is poisoned.
The gnoll looks more healthy.
Throw: 3 darts (poison)
Press: ? - help, Q - select action, (/) - cycle Shift-Dir - straight line, f/p - giant cockroach
Aim: a giant cockroach (almost dead, poisoned, 60% to hit)
You throw a poisoned dart.
The poisoned dart hits the giant cockroach.
The giant cockroach looks even sicker.
The giant cockroach is almost dead.
You kill the giant cockroach!
Throw: 2 darts (poison)
Press: ? - help, Q - select action, (/) - cycle Shift-Dir - straight line, f - gnoll
Aim: a gnoll, wielding a +0 flail (heavily wounded, 64% to hit)
You throw a poisoned dart. The poisoned dart hits the gnoll.
The gnoll is heavily wounded.
You hit the gnoll.
The gnoll is severely wounded.
The gnoll closely misses you.
You closely miss the gnoll.
The gnoll is severely wounded.
The gnoll hits you with a +0 flail.
You barely miss the gnoll.
The gnoll is severely wounded.
The gnoll hits you with a +0 flail!
Ouch! That really hurt!
You barely miss the gnoll.
The gnoll is severely wounded.
The goblin hits you with a +0 dagger.
* * * LOW HITPOINT WARNING * * *
The gnoll hits you with a +0 flail.
You die...

#รทรท........###.. ..
#############..............# #.
#...........'..........>.... #.
###.#######...#.......##.....#
#.##...# #...#.......##....##
#.#.)#########...#.......#......#
#.#.#............#.............##
#.#.#...(...(....#..........#.##
#...'(.........g@#.......#.####
###.#..........g.#......####
(...#............#######.#.####
##..#####'####...# #....#.##
##..# #.# #...# ##......## ...##
#.# #...# ##......#
....#####'####...# ##....##
###'##.......#...# #####.....#
.............##########..........


You could see a gnoll and a goblin.

Vanquished Creatures
  4 endoplasms (D:1)
  2 giant cockroaches (D:1)
  A goblin (D:1)
  A hobgoblin (D:1)
  4 jackals (D:1)
  A kobold (D:1)
  A quokka (D:1)
  A ball python (D:1)
  3 bats (D:1)
  2 frilled lizards (D:1)
  A rat (D:1)
21 creatures vanquished.

Notes
Turn   | Place    | Note
-------+----------+-------------------------------------------
     0 | D:1      | styxcanada the Spriggan Brigand began the quest for the
                  | Orb.
     0 | D:1      | Reached XP level 1. HP: 10/10 MP: 2/2
    20 | D:1      | Reached skill level 6 in Stealth
   291 | D:1      | Reached XP level 2. HP: 14/14 MP: 3/3
   402 | D:1      | Learned a level 1 spell: Magic Dart
   828 | D:1      | Slain by a gnoll

Illustrated notes

Levels and vault maps discovered:
D:1:      nzn_arrival_water_spiral, layout_basic, nicolae_figureground_sparkle

Skill      XL: |  1 |
---------------+----+-----
Stealth        | 6 |  6.9
Fighting       | |  1.9
Short Blades   | |  2.2
Throwing       | |  2.0
Dodging        | |  1.6

Action                   || total
-------------------------++-------
Melee: Dagger            ||    37
       Short sword       ||     8
Throw: Dart              ||    11
 Stab: Sleeping          ||    10
Armor: Robe              ||     3
Dodge: Dodged            ||    27
